 Dungeon Crawl Stone Soup version 0.30-a0-715-gdb4ae3ece1 (webtiles) character file.

Game seed: 6494338210510477769

59261 wormed the Fighter (level 14, -8/105 (118) HPs)
             Began as a Gnoll Wanderer on Jan 24, 2023.
             Was the Champion of Cheibriados.
             Shot with a bolt by a tengu warrior (16 damage)
             ... on level 13 of the Dungeon.
             The game lasted 00:44:06 (28575 turns).

wormed the Fighter (Gnoll Wanderer)                Turns: 28575, Time: 00:44:07

HP:   -8/105 (118)  AC: 18    Str: 34    XL:     14   Next: 94%
MP:   4/28          EV: 21    Int: 32    God:    Cheibriados [******]
Gold: 1938          SH:  8    Dex: 27    Spells: 22/33 levels left

rFire   + . .      SeeInvis +    J - +7 dagger "Death Rattle" {spect, *Slow rC+ Str+6 Int+2}
rCold   + + .      Faith    .    v - +0 buckler
rNeg    . . .      Spirit   .    C - +0 troll leather armour
rPois   .          Reflect  .    L - +2 hat
rElec   .          Harm     .    A - scarf {rC+ rF+}
rCorr   .          Rampage  .    z - +2 pair of gloves
Will    +....                    h - +2 pair of boots
Stlth   +++++                    (no amulet)
HPRegen 1.17/turn                n - +4 ring of protection
MPRegen 0.21/turn                y - ring of see invisible

@: on berserk cooldown, very slightly contaminated, slowed, heavily drained,
very slow
A: fangs 1, strong nose, distributed training
a: Renounce Religion, Bend Time, Temporal Distortion, Slouch, Step From Time


You were on level 13 of the Dungeon.
You worshipped Cheibriados.
Cheibriados was exalted by your worship.
You visited 3 branches of the dungeon, and saw 19 of its levels.

You collected 1938 gold pieces.

Inventory:

Hand Weapons
 J - the +7 dagger "Death Rattle" (weapon) {spect, *Slow rC+ Str+6 Int+2}
   (You took it off a deep elf zephyrmancer on level 11 of the Dungeon)

   Str:       It affects your strength (+6).
   Int:       It affects your intelligence (+2).
   rC:        It protects you from cold.
   *Slow:     It may slow you when you take damage.
Missiles
 P - a throwing net
Armour
 h - a +2 pair of boots (worn)
 v - a +0 buckler (worn)
 z - a +2 pair of gloves (worn)
 A - a scarf of resistance (worn)
 C - a +0 troll leather armour (worn)
 L - a +2 hat (worn)
Jewellery
 c - a ring of positive energy
 g - an amulet of faith
 j - a ring of poison resistance
 l - a ring of resist corrosion
 n - a +4 ring of protection (left hand)
 y - a ring of see invisible (right hand)
 B - an amulet of reflection
 E - a ring of protection from fire
Wands
 b - a wand of polymorph (11)
 e - a wand of roots (23)
 i - a wand of light (2) (quivered)
 w - a wand of flame (19)
Scrolls
 m - 3 scrolls of immolation
 q - a scroll of vulnerability
 r - 2 scrolls of magic mapping
 s - a scroll of fog
 t - a scroll of summoning
 G - 3 scrolls of identify
 N - 3 scrolls of teleportation
 O - a scroll of enchant armour
Potions
 a - a potion of lignification
 d - 2 potions of invisibility
 f - 6 potions of mutation
 k - 7 potions of curing
 o - 2 potions of might
 p - 3 potions of brilliance
 u - a potion of attraction
 x - 9 potions of degeneration
 D - 2 potions of haste
 F - a potion of resistance
 I - 2 potions of cancellation
 M - 2 potions of heal wounds
Miscellaneous
 H - a condenser vane (inert)


   Skills:
 + Level 13.0 Fighting
 + Level 10.0 Short Blades
 + Level 10.0 Long Blades
 + Level 10.0 Axes
 + Level 10.0 Maces & Flails
 + Level 10.0 Polearms
 + Level 10.3 Staves
 + Level 10.0 Ranged Weapons
 + Level 10.0 Throwing
 + Level 10.0 Armour
 + Level 10.0 Dodging
 + Level 10.0 Stealth
 + Level 10.0 Shields
 + Level 10.0 Unarmed Combat
 + Level 10.4 Spellcasting
 + Level 8.3 Conjurations
 + Level 8.3 Hexes
 + Level 8.3 Summonings
 + Level 8.3 Necromancy
 + Level 8.3 Translocations
 + Level 8.3 Transmutations
 + Level 8.3 Fire Magic
 + Level 8.3 Ice Magic
 + Level 8.3 Air Magic
 + Level 11.0 Earth Magic
 + Level 8.3 Poison Magic
 + Level 10.9 Invocations
 + Level 10.0 Evocations


You had 22 spell levels left.
You knew the following spells:

 Your Spells              Type           Power      Damage    Failure   Level
a - Sandblast             Erth           100%       2d20      1%          1
b - Stone Arrow           Conj/Erth      100%       3d13      1%          3
c - Irradiate             Conj/Tmut      31%        3d22      3%          5
k - Blink                 Tloc           100%       N/A       1%          2

Your spell library contained the following spells:

 Spells                   Type           Power      Damage    Failure   Level
 Beastly Appendage        Tmut           100%       N/A       1%          1
 Foxfire                  Conj/Fire      100%       2x1d9     1%          1
 Shock                    Conj/Air       100%       1d9       1%          1
 Sting                    Tmut/Pois      100%       1d8       1%          1
 Summon Small Mammal      Summ           100%       N/A       1%          1
 Lesser Beckoning         Tloc           100%       N/A       1%          2
 Momentum Strike          Conj/Tloc      100%       3d10      1%          2
 Passwall                 Tmut/Erth      56%        N/A       1%          2
 Poisonous Vapours        Pois/Air       100%       N/A       1%          2
 Wereblood                Tmut           63%        N/A       1%          2
 Call Canine Familiar     Summ           63%        N/A       1%          3
 Inner Flame              Hex/Fire       63%        N/A       1%          3
 Spider Form              Tmut/Pois      63%        N/A       1%          3
 Summon Guardian Golem    Hex/Summ       63%        N/A       1%          3
 Swiftness                Air            63%        N/A       1%          3
 Airstrike                Air            31%        2d(5-21)  1%          4
 Petrify                  Tmut/Erth      68%        N/A       1%          4
 Blade Hands              Tmut           31%        N/A       3%          5
 Dragon Form              Tmut           31%        N/A       71%         7
 Ignition                 Fire           31%        3d10      100%        8


Dungeon Overview and Level Annotations

Branches:
Dungeon (13/15)            Temple (1/1) D:7            Lair (5/5) D:8
 Shoals (0/4) Lair:3        Snake (0/4) Lair:2        Slime (0/5) Lair:5
    Orc (0/2) D:12
 Vaults: D:13-14

Altars:
Ashenzari
Cheibriados
Dithmenos
Elyvilon
Fedhas
Gozag
Hepliaklqana
Kikubaaqudgha
Makhleb
Nemelex Xobeh
Okawaru
Qazlal
Ru
Sif Muna
Trog
Uskayaw
Vehumet
Wu Jian
Xom
Yredelemnul
Zin
The Shining One
Jiyva

Shops:
D:10 (

Annotations:
D:4 1 runed translucent door, Rennog's ghost, amateur DsFi
D:6 3 runed translucent doors, Tocho's ghost, novice DECj
Lair:4 2 transporters, exclusion: oklob plant, Iptanian's ghost, journeyman OpTm
Lair:5 2 runed translucent doors


Innate Abilities, Weirdness & Mutations

You have very sharp teeth.
Your uncanny sense of smell can sniff out nearby items.
Your experience applies equally to all skills.


Message History

Your Stealth skill increases to level 10!
Your Shields skill increases to level 10!
Your Unarmed Combat skill increases to level 10!
Your Earth Magic skill increases to level 11!
Your Evocations skill increases to level 10!
You hit the boulder beetle but do no damage.
Your +7 dagger "Death Rattle" {spect, *Slow rC+ Str+6 Int+2} hits the boulder beetle but does no damage.
The boulder beetle barely misses you.
The tengu warrior shoots a bolt.
The bolt misses you.
You hear an angry squeal. x2
You are too berserk!
You puncture the boulder beetle!
The boulder beetle is lightly wounded.
Your +7 dagger "Death Rattle" {spect, *Slow rC+ Str+6 Int+2} hits the boulder beetle but does no damage.
The hog closely misses your +7 dagger "Death Rattle" {spect, *Slow rC+ Str+6 Int+2}.
The tengu warrior shoots a bolt.
The bolt barely misses your +7 dagger "Death Rattle" {spect, *Slow rC+ Str+6 Int+2}.
The bolt misses you.
The boulder beetle leaps!
You hear a shout!
You block the hog's attack.
The boulder beetle leaps!
You puncture the hog! You bite the hog!
The hog is heavily wounded.
Your +7 dagger "Death Rattle" {spect, *Slow rC+ Str+6 Int+2} hits the hog.
The hog misses your +7 dagger "Death Rattle" {spect, *Slow rC+ Str+6 Int+2}.
You catch the helpless hog completely off-guard!
You spit the hog like the proverbial pig!!!
You kill the hog!
Cheibriados appreciates the change of pace.
The tengu warrior shoots a bolt.
You block the bolt.
You hear a roar!
You hear an angry squeal.
Your Fighting skill increases to level 13!
Okay, then.
You are no longer berserk.
You are exhausted.
You feel as though you will be slow longer.
A six-headed hydra comes into view.
The tengu warrior shoots a bolt.
The bolt hits you.
* * * LOW HITPOINT WARNING * * *
The tengu warrior shoots a bolt.
The bolt hits you!
You die...

######......B
#....☼§☼.....
#....§☼§.....
#....§§......
#............
+.#.....Q..D.
#.#..).§.....
#.....†.....#
#....@###<..#
#.....# # #.....#
#.....# #.....# #
####'##.####
####.<.......#
####............#
#...(...........#


You could see a six-headed hydra and a tengu warrior.

Vanquished Creatures
  Rupert (D:13)
  Gastronok (Lair:3)
  Josephine (Lair:4)
  6 hydras
  A two-headed ogre (D:12)
  4 boulder beetles
  Sonja (Lair:2)
  Amaemon (Lair:1)
  2 wizards (D:12)
  A lindwurm (Lair:5)
  Pikel (D:8)
  An ugly thing (D:12)
  5 deep elf zephyrmancers (D:11)
  8 deep elf pyromancers
  3 cyclopes
  A manticore (D:12)
  6 elephants
  10 black mambas
  2 molten gargoyles (Lair:5)
  An orange demon (Lair:1)
  8 cane toads
  A gargoyle (D:11)
  A kobold demonologist (D:9)
  6 rime drakes
  13 komodo dragons
  An unseen horror (D:10)
  3 trolls
  Prince Ribbit (D:5)
  A hornet (D:10)
  5 polar bears
  9 blink frogs
  2 dream sheep
  5 slime creatures (D:13)
  A vampire (D:9)
  A spriggan (D:8)
  7 wyverns
  A hog (D:13)
  4 wraiths
  42 yaks
  6 vampire mosquitoes
  8 basilisks
  6 steam dragons
  2 acid dragons
  31 water moccasins
  A swamp drake (D:12)
  6 orc warriors
  5 hell hounds (Lair:5)
  2 black bears
  11 wolves
  5 centaurs
  An ogre (D:12)
  2 phantoms
  10 bullfrogs
  6 kobold brigands
  2 gnoll sergeants
  3 necrophages
  4 scorpions
  3 wights
  A howler monkey (D:7)
  4 electric eels
  6 lava snakes
  2 gnoll boudas
  5 jellies
  12 orc priests
  7 hounds
  11 orc wizards
  Ijyb (D:5)
  Natasha (thrice) (D:3)
  An iguana (D:6)
  Terence (D:3)
  A hound skeleton (D:7)
  Robin (D:3)
  6 adders
  18 gnolls
  2 shadow imps
  2 white imps
  An ufetubus (D:6)
  2 worms (D:3)
  2 dart slugs
  47 orcs
  13 ball pythons
  5 bats
  8 endoplasms
  4 giant cockroaches
  15 goblins
  11 hobgoblins
  18 jackals
  5 quokkas
  3 frilled lizards
  22 kobolds
  5 rats
528 creatures vanquished.

Vanquished Creatures (others)
  A jelly (D:8)
  A goblin (D:3)
  A hobgoblin (D:4)
  46 fungi
  97 plants
146 creatures vanquished.

Grand Total: 674 creatures vanquished

Notes
Turn   | Place    | Note
-------+----------+-------------------------------------------
     0 | D:1      | wormed the Gnoll Wanderer began the quest for the Orb.
     0 | D:1      | wormed set off with the following items: a +1 quarterstaff,
                  | a scroll of blinking, a +0 leather armour; and the
                  | following spell memorised: Sandblast; and the following
                  | spells available to memorise: Stone Arrow, Petrify.
     0 | D:1      | Reached XP level 1. HP: 26/26 MP: 4/4
    41 | D:1      | Reached XP level 2. HP: 9/33 MP: 5/5
   218 | D:1      | Reached XP level 3. HP: 38/38 MP: 7/7
   304 | D:1      | Reached skill level 1 in Invocations
   397 | D:1      | Reached skill level 1 in Short Blades
   397 | D:1      | Reached skill level 1 in Long Blades
   397 | D:1      | Reached skill level 1 in Axes
   397 | D:1      | Reached skill level 1 in Maces & Flails
   397 | D:1      | Reached skill level 1 in Polearms
   397 | D:1      | Reached skill level 1 in Ranged Weapons
   397 | D:1      | Reached skill level 1 in Throwing
   397 | D:1      | Reached skill level 1 in Armour
   397 | D:1      | Reached skill level 1 in Dodging
   397 | D:1      | Reached skill level 1 in Stealth
   397 | D:1      | Reached skill level 1 in Shields
   397 | D:1      | Reached skill level 1 in Unarmed Combat
   397 | D:1      | Reached skill level 1 in Evocations
   731 | D:2      | Reached XP level 4. HP: 45/45 MP: 8/8
   919 | D:2      | Reached skill level 1 in Conjurations
   919 | D:2      | Reached skill level 1 in Hexes
   919 | D:2      | Reached skill level 1 in Summonings
   919 | D:2      | Reached skill level 1 in Necromancy
   919 | D:2      | Reached skill level 1 in Translocations
   919 | D:2      | Reached skill level 1 in Transmutations
   919 | D:2      | Reached skill level 1 in Fire Magic
   919 | D:2      | Reached skill level 1 in Ice Magic
   919 | D:2      | Reached skill level 1 in Air Magic
   919 | D:2      | Reached skill level 1 in Poison Magic
  1411 | D:3      | Reached XP level 5. HP: 51/51 MP: 9/9
  1608 | D:3      | Noticed Robin
  2155 | D:4      | Noticed an orc warrior
  2208 | D:4      | Noticed a steam dragon
  2419 | D:3      | Noticed Natasha
  2427 | D:3      | Killed Natasha
  2428 | D:3      | Reached XP level 6. HP: 56/57 MP: 9/11
  2469 | D:3      | Noticed Terence
  2484 | D:3      | Killed Terence
  2619 | D:3      | Killed Robin
  2705 | D:3      | Noticed Natasha
  2734 | D:3      | Killed Natasha
  2953 | D:3      | Noticed Natasha
  2959 | D:3      | Killed Natasha
  3325 | D:3      | Learned a level 2 spell: Blink
  3365 | D:4      | Noticed Rennog's ghost (amateur DsFi)
  3365 | D:4      | Found a runed translucent door.
  3479 | D:4      | Reached XP level 7. HP: 33/63 MP: 12/12
  3751 | D:4      | Killed a steam dragon
  3940 | D:4      | Reached skill level 9 in Fighting
  4161 | D:5      | Entered Level 5 of the Dungeon
  4601 | D:5      | Reached XP level 8. HP: 69/71 MP: 14/14
  4737 | D:5      | Found an opulent altar of Gozag.
  4756 | D:5      | Noticed Prince Ribbit
  5197 | D:5      | Noticed Ijyb
  5207 | D:5      | Paralysed by Ijyb for 3 turns
  5221 | D:5      | Killed Ijyb
  5279 | D:5      | Killed Prince Ribbit
  5437 | D:5      | Found an iron altar of Okawaru.
  5837 | D:5      | Identified a scroll of acquirement
  5837 | D:5      | Acquired 868 gold pieces
  6090 | D:6      | Reached XP level 9. HP: 61/77 MP: 16/16
  6368 | D:7      | Reached skill level 5 in Spellcasting
  6503 | D:7      | Reached skill level 5 in Staves
  6540 | D:7      | Found a sparkling altar of Nemelex Xobeh.
  6623 | D:7      | Found a flagged portal.
  6638 | D:7      | Found a staircase to the Ecumenical Temple.
  6684 | Temple   | Entered the Ecumenical Temple
  6793 | Temple   | Became a worshipper of Cheibriados the Contemplative
  7270 | D:7      | Reached skill level 5 in Invocations
  7399 | D:7      | Found a burning altar of Makhleb.
  7924 | D:8      | Noticed Pikel
  8307 | D:8      | Killed Pikel
  8580 | D:8      | Reached skill level 10 in Fighting
  8580 | D:8      | Reached skill level 5 in Short Blades
  8580 | D:8      | Reached skill level 5 in Long Blades
  8580 | D:8      | Reached skill level 5 in Axes
  8580 | D:8      | Reached skill level 5 in Maces & Flails
  8580 | D:8      | Reached skill level 5 in Polearms
  8580 | D:8      | Reached skill level 5 in Ranged Weapons
  8580 | D:8      | Reached skill level 5 in Throwing
  8580 | D:8      | Reached skill level 5 in Armour
  8580 | D:8      | Reached skill level 5 in Dodging
  8580 | D:8      | Reached skill level 5 in Stealth
  8580 | D:8      | Reached skill level 5 in Shields
  8580 | D:8      | Reached skill level 5 in Unarmed Combat
  8580 | D:8      | Reached skill level 5 in Evocations
  8580 | D:8      | Reached XP level 10. HP: 71/85 MP: 18/18
  8772 | D:8      | Reached * piety under Cheibriados
  8791 | D:8      | Found a staircase to the Lair.
  9330 | D:6      | Found a runed translucent gate.
  9330 | D:6      | Found a runed translucent gate.
  9330 | D:6      | Found a runed translucent gate.
  9783 | D:6      | Noticed Tocho's ghost (novice DECj)
 11663 | D:9      | Noticed a kobold demonologist
 11674 | D:9      | Killed a kobold demonologist
 11961 | D:9      | Reached ** piety under Cheibriados
 12350 | D:10     | Entered Level 10 of the Dungeon
 12710 | D:10     | Found Hydeog's Weapon Emporium.
 13010 | Lair:1   | Entered Level 1 of the Lair of Beasts
 13030 | Lair:1   | Reached skill level 5 in Conjurations
 13030 | Lair:1   | Reached skill level 5 in Hexes
 13030 | Lair:1   | Reached skill level 5 in Summonings
 13030 | Lair:1   | Reached skill level 5 in Necromancy
 13030 | Lair:1   | Reached skill level 5 in Translocations
 13030 | Lair:1   | Reached skill level 5 in Transmutations
 13030 | Lair:1   | Reached skill level 5 in Fire Magic
 13030 | Lair:1   | Reached skill level 5 in Ice Magic
 13030 | Lair:1   | Reached skill level 5 in Air Magic
 13030 | Lair:1   | Reached skill level 5 in Poison Magic
 13038 | Lair:1   | Noticed a cane toad
 13045 | Lair:1   | Learned a level 3 spell: Stone Arrow
 13049 | Lair:1   | Killed a cane toad
 13050 | Lair:1   | Reached XP level 11. HP: 92/92 MP: 11/21
 14114 | Lair:1   | Reached *** piety under Cheibriados
 14259 | Lair:1   | Noticed a six-headed hydra
 14276 | Lair:1   | Killed a six-headed hydra
 14611 | Lair:1   | Noticed Amaemon
 15045 | Lair:1   | Reached skill level 11 in Fighting
 15080 | Lair:1   | Killed Amaemon
 15332 | Lair:1   | Found a blossoming altar of Fedhas.
 15475 | Lair:1   | Reached XP level 12. HP: 94/100 MP: 17/23
 16047 | Lair:2   | Noticed a seven-headed hydra
 16051 | Lair:2   | Noticed Sonja
 16063 | Lair:2   | Killed Sonja
 16473 | Lair:2   | Reached **** piety under Cheibriados
 16599 | Lair:2   | Killed a seven-headed hydra
 17258 | Lair:2   | Found a staircase to the Snake Pit.
 17586 | Lair:2   | Reached ***** piety under Cheibriados
 18455 | Lair:3   | Found a dark tunnel.
 18831 | Lair:3   | Found a staircase to the Shoals.
 18846 | Lair:3   | Noticed a six-headed hydra
 19014 | Lair:3   | Noticed Gastronok
 19120 | Lair:3   | Killed a six-headed hydra
 19121 | Lair:3   | Reached XP level 13. HP: 95/107 MP: 10/25
 19202 | Lair:3   | Killed Gastronok
 19203 | Lair:3   | Reached skill level 10 in Earth Magic
 19462 | Lair:3   | Identified the +10 long sword of the Three Friends {speed,
                  | rElec rN+ Dex-4}
 20042 | Lair:4   | Noticed Josephine
 20660 | Lair:3   | Reached skill level 12 in Fighting
 21208 | Lair:4   | Killed Josephine
 21573 | Lair:4   | Noticed Iptanian's ghost (journeyman OpTm)
 21716 | Lair:4   | Found a transporter.
 21716 | Lair:4   | Found a transporter.
 21821 | Lair:4   | You fall into a shaft and drop 1 floor!
 21821 | Lair:5   | Entered Level 5 of the Lair of Beasts
 22605 | Lair:5   | Learned a level 5 spell: Irradiate
 22760 | Lair:5   | Reached XP level 14. HP: 116/116 MP: 15/27
 22776 | Lair:5   | Reached skill level 10 in Invocations
 23188 | Lair:5   | Found a large runed translucent door.
 23188 | Lair:5   | Found a large runed translucent door.
 23784 | Lair:5   | Reached ****** piety under Cheibriados
 23884 | Lair:5   | Found a staircase to the Slime Pits.
 23891 | Lair:5   | Found a viscous altar of Jiyva.
 25757 | D:11     | Reached skill level 10 in Spellcasting
 25902 | D:11     | Identified the +7 dagger "Death Rattle" {spect, *Slow rC+
                  | Str+6 Int+2}
 26171 | D:11     | Reached skill level 10 in Staves
 27395 | D:12     | Got Zaubauj's Elucidation of Searing Toxicity
 28210 | D:12     | Found a staircase to the Orcish Mines.
 28551 | D:13     | Noticed Rupert
 28565 | D:13     | HP: 4/141 [Rupert/+0 great mace of draining (5)]
 28569 | D:13     | Killed Rupert
 28570 | D:13     | Reached skill level 10 in Short Blades
 28570 | D:13     | Reached skill level 10 in Long Blades
 28570 | D:13     | Reached skill level 10 in Axes
 28570 | D:13     | Reached skill level 10 in Maces & Flails
 28570 | D:13     | Reached skill level 10 in Polearms
 28570 | D:13     | Reached skill level 10 in Ranged Weapons
 28570 | D:13     | Reached skill level 10 in Throwing
 28570 | D:13     | Reached skill level 10 in Armour
 28570 | D:13     | Reached skill level 10 in Dodging
 28570 | D:13     | Reached skill level 10 in Stealth
 28570 | D:13     | Reached skill level 10 in Shields
 28570 | D:13     | Reached skill level 10 in Unarmed Combat
 28570 | D:13     | Reached skill level 10 in Evocations
 28575 | D:13     | Reached skill level 13 in Fighting
 28575 | D:13     | Shot with a bolt by a tengu warrior

Illustrated notes

Levels and vault maps discovered:
D:1:      minmay_arrival_glassed_features, layout_rooms
D:2:      layout_rooms, nrook_campfire, minmay_pentomino_u4
D:3:      cheibrodos_thug_alley, layout_basic, reono_crystal_passage,
          grunt_ministairs_15, corexii_leaking_fountain, lemuel_flame_loot_1,
          uniq_natasha, uniq_robin, uniq_terence
D:4:      layout_loops_ring, hellmonk_ghost_happy_afterlife,
          guppyfry_early_orc_mine
D:5:      layout_loops_ring, mainiacjoe_overflow_catwalk,
          mainiacjoe_overflow_chevrons, grunt_ministairs_10,
          uniq_prince_ribbit1, uniq_ijyb
D:6:      layout_rooms, gammafunk_ghost_necromancy, corexii_shack
D:7:      layout_loops_corners, makhleb_blood_cavern_becter, lemuel_round_altar,
          minmay_temple_entry_drinking_statues, enter_bailey_5,
          chequers_mini_garden, nicolae_water_bricks, minmay_misc_feat_tiny,
          minmay_curled_crystal, kennysheep_cross_bottleneck, grunt_decor_cap
D:8:      lemuel_ice_spiral_2, layout_rooms, david_lair_shrubbed, the_hattery,
          uniq_pikel
D:9:      layout_cave_pods, special_room [special_room_kobold],
          dk_noncrumbling_4, chequers_serial_rivers_micro_d
D:10:     layout_rooms, serial_shops, shop, billiards_dpeg
D:11:     layout_basic, elves_outpost_lemuel
D:12:     cheibrodos_lost_city_excavation, layout_basic, erik_orc_1
D:13:     layout_stronghold, grunt_qazlal_clouds, uniq_rupert, uniq_kirke
Temple:   regret_index_temple_chain_breaker
Lair:1:   layout_regular_city, basic_altar, minmay_shattered_shrine,
          grunt_megastairs_1, uniq_amaemon
Lair:2:   layout_regular_city, minmay_snake_entry_six_corridors, uniq_sonja
Lair:3:   layout_small_grid, elwin_shoals_entry_rocks,
          nicolae_volcano_entry_s_turn, wad_woods_river_01, uniq_gastronok
Lair:4:   layout_misc_corridors, nzn_ghost_randoct, uniq_josephine
Lair:5:   cheibrodos_lair_end_hotspot, layout_cellular_growth,
          nicolae_slime_entry_field_trip

Skill      XL: |  1  2  3  4  5  6  7  8  9 10 11 12 13 14 |
---------------+-------------------------------------------+-----
Invocations    | 1 2 3 4 5 6 7 8 9 10 | 10.9
Short Blades   | 1 2 3 5 6 7 8 9 10 | 10.0
Long Blades    | 1 2 3 5 6 7 8 9 10 | 10.0
Axes           | 1 2 3 5 6 7 8 9 10 | 10.0
Maces & Flails | 1 2 3 5 6 7 8 9 10 | 10.0
Polearms       | 1 2 3 5 6 7 8 9 10 | 10.0
Ranged Weapons | 1 2 3 5 6 7 8 9 10 | 10.0
Throwing       | 1 2 3 5 6 7 8 9 10 | 10.0
Armour         | 1 2 3 5 6 7 8 9 10 | 10.0
Dodging        | 1 2 3 5 6 7 8 9 10 | 10.0
Stealth        | 1 2 3 5 6 7 8 9 10 | 10.0
Shields        | 1 2 3 5 6 7 8 9 10 | 10.0
Unarmed Combat | 1 2 3 5 6 7 8 9 10 | 10.0
Evocations     | 1 2 3 5 6 7 8 9 10 | 10.0
Spellcasting   | 3 4 5 6 7 8 9 10 | 10.4
Conjurations   | 1 2 3 4 5 6 7 8 |  8.3
Hexes          | 1 2 3 4 5 6 7 8 |  8.3
Summonings     | 1 2 3 4 5 6 7 8 |  8.3
Necromancy     | 1 2 3 4 5 6 7 8 |  8.3
Translocations | 1 2 3 4 5 6 7 8 |  8.3
Transmutations | 1 2 3 4 5 6 7 8 |  8.3
Fire Magic     | 1 2 3 4 5 6 7 8 |  8.3
Ice Magic      | 1 2 3 4 5 6 7 8 |  8.3
Air Magic      | 1 2 3 4 5 6 7 8 |  8.3
Poison Magic   | 1 2 3 4 5 6 7 8 |  8.3
Staves         | 3 4 5 6 7 8 9 10 | 10.3
Fighting       | 9 10 11 12 13 | 13.0
Earth Magic    | 8 9 10 11 | 11.0

Action                     |  1- 3 |  4- 6 |  7- 9 | 10-12 | 13-15 || total
---------------------------+-------+-------+-------+-------+-------++-------
  Melee: Quarterstaff      |   113 |   243 |   500 |   527 |   225 ||  1608
         Bite              |     8 |    15 |    60 |    83 |    60 ||   226
         Staff             |       |       |    69 |       |       ||    69
         Punch             |       |       |     3 |       |       ||     3
         Unarmed           |       |       |     3 |       |       ||     3
         Dagger            |       |       |       |       |    91 ||    91
  Throw: Throwing net      |       |       |     2 |       |       ||     2
   Cast: Sandblast         |       |     1 |     1 |       |       ||     2
         Stone Arrow       |       |       |       |   216 |   310 ||   526
         Irradiate         |       |       |       |       |     2 ||     2
 Invoke: Slouch            |       |       |       |       |     3 ||     3
  Evoke: Wand              |       |       |       |    25 |       ||    25
         Condenser vane    |       |       |       |     1 |     2 ||     3
    Use: Scroll            |       |     1 |    10 |     9 |    15 ||    35
         Potion            |       |       |     1 |     6 |     5 ||    12
   Stab: Sleeping          |       |     6 |     8 |     3 |       ||    17
         Distracted        |       |     1 |       |     1 |     6 ||     8
         Held in net/web   |       |       |     1 |       |       ||     1
         Paralysed         |       |       |       |     5 |       ||     5
 Armour: Leather armour    |    45 |   118 |   383 |   364 |   123 ||  1033
         Skin              |       |       |     9 |       |    23 ||    32
         Troll leather arm |       |       |       |       |    42 ||    42
  Dodge: Dodged            |    89 |   149 |   484 |   523 |   500 ||  1745
  Block: Buckler           |       |       |       |       |    65 ||    65

Table legend: (Time is in decaauts)
 A = Elapsed time spent in this place.
 B = Non-inter-level travel time spent in this place.
 C = Inter-level travel time spent in this place.
 D = Time resting spent in this place.
 E = Time spent auto-exploring this place.
 F = Levels seen in this place.
 G = Mean time per level.
                   A        B        C        D        E       F      G
               +--------+--------+--------+--------+--------+-----+--------+
         Total |  35124 |  32283 |   2841 |    404 |  26063 |  19 | 1848.6 |
       Dungeon |  20161 |  18414 |   1747 |    267 |  14429 |  13 | 1550.8 |
        Temple |    122 |    111 |     11 |      0 |     87 |   1 |  122.0 |
          Lair |  14841 |  13759 |   1082 |    137 |  11547 |   5 | 2968.2 |
               +--------+--------+--------+--------+--------+-----+--------+

Top non-repeatable levels by time:
  Lair:3: 3520 daAuts
  Lair:1: 3493 daAuts
  Lair:5: 3180 daAuts
    D:12: 2703 daAuts
  Lair:2: 2638 daAuts
     D:9: 2593 daAuts
     D:7: 2450 daAuts
    D:11: 2220 daAuts
  Lair:4: 2009 daAuts
     D:4: 1854 daAuts
     D:8: 1762 daAuts
     D:3: 1623 daAuts
     D:5: 1488 daAuts
    D:10: 1140 daAuts
     D:6: 857 daAuts
